 Dungeon Crawl Stone Soup version 0.24.0-2-g5b39cebb1c (webtiles) character file.

Game seed: 13681397593193544564, levelgen mode: deterministic

725 ventricule the Shield-Bearer (level 7, -8/61 HPs)
             Began as a Deep Dwarf Fighter on Oct 29, 2019.
             Mangled by a two-headed ogre
             ... wielding a +0 giant spiked club
              (33 damage)
             ... on level 4 of the Dungeon.
             The game lasted 00:04:26 (1559 turns).

ventricule the Shield-Bearer (Deep Dwarf Fighter)   Turns: 1559, Time: 00:04:27

Health: -8/61      AC:  6    Str: 21    XL:     7   Next: 43%
Magic:  15/15 (6)  EV:  8    Int:  9    God:
Gold:   129        SH: 11    Dex: 12    Spells: 6/6 levels left

rFire    . . .     SeeInvis .   a - +1 war axe
rCold    . . .     Gourm    .   c - +0 shield
rNeg     . . .     Faith    .   b - +0 scale mail
rPois    .         Spirit   .   (no helmet)
rElec    .         Reflect  .   (no cloak)
rCorr    .         Harm     .   (no gloves)
MR       +....                  (no boots)
Stlth    ..........             (no amulet)
HPRegen  0.00/turn              l - ring of magical power {MP+9}
MPRegen  0.14/turn              (no ring)

@: non-regenerating
A: damage resistance, heal wounds, sense surroundings 1, no regeneration
a: Heal Wounds


You were on level 4 of the Dungeon.
You were hungry.

You visited 1 branch of the dungeon, and saw 4 of its levels.

You collected 129 gold pieces.

Inventory:

Hand Weapons
 a - a +1 war axe (weapon)
Missiles
 Q - 67 stones (quivered)
Armour
 b - a +0 scale mail (worn)
 c - a +0 shield (worn)
Jewellery
 l - a ring of magical power (left hand) {MP+9}
Scrolls
 g - a scroll of fear
 j - a scroll of amnesia
 t - a scroll of teleportation
Potions
 d - a potion of might
 f - a potion of brilliance {unknown}
 h - a potion of ambrosia {unknown}
 i - a potion of berserk rage {unknown}
 k - a potion of haste {unknown}
 m - a potion of degeneration {unknown}
 n - a potion of flight {unknown}
Comestibles
 e - 4 rations


   Skills:
 - Level 2.6 Fighting
 + Level 6.6 Axes
 + Level 3.6 Armour
 + Level 7.1 Shields


You had 6 spell levels left.
You didn't know any spells.
Your spell library was empty.

Dungeon Overview and Level Annotations

Branches:
Dungeon (4/15)
 Temple: D:4-7

Altars:
Qazlal

Annotations:
D:4 3 runed translucent doors


Innate Abilities, Weirdness & Mutations

You are resistant to damage.
You can heal yourself by infusing magical energy.
You passively map a small area around you.
You do not regenerate.


Message History

You slash the two-headed ogre!
You block the two-headed ogre's attack. x2
You slash the two-headed ogre! You hit the two-headed ogre.
The two-headed ogre hits you with a +0 giant spiked club!
* * * LOW HITPOINT WARNING * * *
The two-headed ogre hits you with a +0 giant club!
* * * LOW HITPOINT WARNING * * *
You take 21 damage, and have 16/61 hp.
MASSIVE DAMAGE!!
You slash the two-headed ogre!
The two-headed ogre hits you with a +0 giant spiked club!
* * * LOW HITPOINT WARNING * * *
The two-headed ogre barely misses you.
You take 12 damage, and have 4/61 hp.
You are too injured to fight recklessly!
Unknown command.
You feel much better.
The two-headed ogre hits you with a +0 giant spiked club!!
Ouch! That really hurt!
You die...

#..# ##..#* . ..... , ,.. ....,
#...#.##..# * * ,
#...+.##..#### #, ,
#..Y+.....O..#* #. ,,
#...+.##.@# * #.. ....#.##..#
... #..,.#.##..# ...###.(
##.##..# #......
##......#####)# #,.ZY.
###...#.........# ##
#####.....#..###############
.###.....#....................#
.......#.##....################


You could see a two-headed ogre and an ice beast.

Levels and vault maps discovered:
D:1:      psy_arrival_radial01, layout_basic, serial_forest,
          infiniplex_forest_lined_3, infiniplex_forest_clump_medium,
          infiniplex_forest_end_1, infiniplex_forest_lined_4_way,
          infiniplex_forest_clump_curved, infiniplex_forest_end_double,
          infiniplex_forest_pool, infiniplex_forest_clump_tiny,
          infiniplex_forest_straight_2, infiniplex_forest_straight_3,
          minmay_pentomino_u2
D:2:      layout_rooms
D:3:      layout_loops_cross, grunt_qazlal_clouds, chequers_arboretum,
          uniq_jessica, uniq_crazy_yiuf_cottage, uniq_grinder
D:4:      layout_basic, gammafunk_ghost_icy

Notes
Turn   | Place    | Note
-------+----------+-------------------------------------------
     0 | D:1      | ventricule the Deep Dwarf Fighter began the quest for the
                  | Orb.
     0 | D:1      | Reached XP level 1. HP: 20/20 MP: 1/1
    16 | D:1      | Identified a +0 dagger
    31 | D:1      | Reached XP level 2. HP: 20/27 MP: 2/2
    48 | D:1      | Identified a +0 club
    82 | D:1      | Identified a +0 dagger
   165 | D:1      | Identified a +0 whip
   168 | D:1      | Identified a +0 club
   198 | D:1      | You fall into a shaft and drop 1 floor!
   200 | D:2      | Identified a cursed -2 short sword
   209 | D:2      | Reached skill level 3 in Axes
   211 | D:2      | Reached skill level 4 in Shields
   216 | D:2      | Reached XP level 3. HP: 12/33 MP: 3/3
   270 | D:3      | Identified a +0 club
   321 | D:3      | Identified a ring of magical power (You found it on level 3
                  | of the Dungeon)
   410 | D:3      | Identified a +0 dagger
   442 | D:3      | Found a stormy altar of Qazlal.
   467 | D:3      | Noticed Grinder
   472 | D:3      | Paralysed by Grinder for 7 turns
   477 | D:3      | HP: 7/33 [Grinder/nerve-wracking pain (7)]
   478 | D:3      | HP: 1/33 [Grinder (3)]
   483 | D:3      | Paralysed by Grinder for 7 turns
   492 | D:3      | Killed Grinder
   492 | D:3      | Reached skill level 5 in Axes
   492 | D:3      | Reached skill level 5 in Shields
   492 | D:3      | Reached XP level 4. HP: 33/40 MP: 3/3
   492 | D:3      | Reached XP level 5. HP: 38/46 MP: 4/4
   503 | D:3      | Identified a +0 dagger
   503 | D:3      | Identified a +0 robe
   503 | D:3      | Identified a +0 war axe
   517 | D:3      | Reached XP level 6. HP: 35/55 MP: 5/5
   559 | D:3      | Identified a +0 dagger
   559 | D:3      | Identified a +0 ring mail
   651 | D:3      | Identified a +0 dagger
   736 | D:3      | Identified a +0 club
   808 | D:4      | Reached skill level 6 in Shields
   809 | D:4      | Identified a scroll of enchant weapon
   810 | D:4      | Identified 2 scrolls of amnesia
   811 | D:4      | Identified a scroll of fear
   819 | D:4      | Identified a scroll of teleportation
   838 | D:4      | Identified a scroll of immolation
   856 | D:4      | Identified a +0 giant spiked club
   858 | D:4      | HP: 11/55 [ogre/+0 giant spiked club (6)]
   905 | D:4      | HP: 6/55 [worker ant (2)]
   909 | D:4      | Reached skill level 6 in Axes
   912 | D:4      | HP: 4/55 [shadow imp (2)]
   988 | D:4      | Identified a +0 mace
   992 | D:4      | Identified a +0 club
  1066 | D:4      | Identified a +0 short sword
  1069 | D:4      | Identified a +0 dagger
  1069 | D:4      | Identified a +0 dagger
  1069 | D:4      | Identified a +0 ring mail
  1070 | D:4      | Identified a +0 dagger
  1073 | D:4      | Reached XP level 7. HP: 37/61 MP: 6/6
  1074 | D:4      | Identified a +0 hand axe
  1074 | D:4      | Identified a +0 scale mail
  1074 | D:4      | Identified a +0 leather armour
  1119 | D:4      | Identified a +0 flail
  1119 | D:4      | Identified a +0 club
  1119 | D:4      | Identified a +0 hand axe
  1212 | D:4      | Reached skill level 7 in Shields
  1473 | D:4      | Identified a cursed -2 flail
  1519 | D:4      | Found a runed translucent gate.
  1519 | D:4      | Found a runed translucent gate.
  1519 | D:4      | Found a runed translucent gate.
  1548 | D:4      | Identified a +0 giant spiked club
  1548 | D:4      | Identified a +0 giant club
  1548 | D:4      | Noticed a two-headed ogre
  1549 | D:4      | HP: 8/61 [two-headed ogre/+0 giant spiked club (11)]
  1558 | D:4      | HP: 4/61 [two-headed ogre/+0 giant spiked club (12)]
  1559 | D:4      | Mangled by a two-headed ogre

Table legend:
 A = Turns spent in this place as a percentage of turns spent in the entire game.
 B = Non-inter-level travel turns spent in this place as a percentage of non-inter-level travel turns spent in the entire game.
 C = Inter-level travel turns spent in this place as a percentage of turns spent in this place.
 D = Turns resting spent in this place as a percentage of non-inter-level travel turns spent in this place.
 E = Turns spent auto-exploring this place as a percentage of non-inter-level travel turns spent in this place.
 F = Non-inter-level travel turns spent in this place divided by the number of levels of this place that you've seen.
                   A       B       C       D       E      F
               +-------+-------+-------+-------+-------+----------------------
         Total | 100.0 | 100.0 |   0.5 |   2.5 |  70.9 | 387.8
       Dungeon | 100.0 | 100.0 |   0.5 |   2.5 |  70.9 | 387.8
               +-------+-------+-------+-------+-------+----------------------

Table legend:
 A = Kills in this place as a percentage of kills in entire the game.
 B = Kills by you in this place as a percentage of kills by you in the entire game.
 C = Kills by friends in this place as a percentage of kills by friends in the entire game.
 D = Other kills in this place as a percentage of other kills in the entire game.
 E = Experience gained in this place as a percentage of experience gained in the entire game.
 F = Experience gained in this place divided by the number of levels of this place that you have seen.
                   A       B       C       D       E      F
               +-------+-------+-------+-------+-------+----------------------
         Total | 100.0 | 100.0 |   N/A |   N/A | 100.0 | 259.0
       Dungeon | 100.0 | 100.0 |   N/A |   N/A | 100.0 | 259.0
               +-------+-------+-------+-------+-------+----------------------

Skill      XL: |  1  2  3  4  5  6  7 |
---------------+----------------------+-----
Axes           | 3 5 6 |  6.6
Shields        | 4 5 6 7 |  7.1
Fighting       | |  2.6
Armour         | |  3.6

Action                   |  1- 3 |  4- 6 |  7- 9 || total
-------------------------+-------+-------+-------++-------
Melee: War axe           |    72 |    85 |    63 ||   220
 Abil: Heal Wounds       |     2 |     1 |     2 ||     5
  Use: Scroll            |       |     5 |       ||     5
  Eat: Chunk             |       |     1 |     1 ||     2
Armor: Scale mail        |    33 |    23 |    10 ||    66
Dodge: Dodged            |    25 |    25 |    16 ||    66
Block: Shield            |    31 |    36 |    37 ||   104

Vanquished Creatures
  Grinder (D:3)
  An ogre (D:4)
  A phantom (D:4)
  A scorpion (D:4)
  A howler monkey (D:4)
  A crimson imp (D:4)
  An orc wizard (D:3)
  4 worker ants (D:4)
  3 adders
  A shadow imp (D:4)
  An ooze (D:3)
  2 worms
  2 dart slugs
  2 leopard geckos
  15 orcs
  3 giant cockroaches
  6 hobgoblins
  3 jackals (D:4)
  A quokka (D:3)
  2 bats (D:1)
  6 frilled lizards
  6 goblins
  3 kobolds
  A quokka skeleton (D:4)
  3 rats
71 creatures vanquished.
